 Dungeon Crawl Stone Soup version 0.29.1-15-g9cfb28693d (webtiles) character file.

Game seed: 903733584762490885

198 Descartes the Ducker (level 5, 0/25 HPs)
             Began as a Felid Monk on Mar 5, 2023.
             Killed from afar by an orc wizard (8 damage)
             ... with a magic dart
             ... on level 6 of the Dungeon.
             The game lasted 00:04:55 (3661 turns).

Descartes the Ducker (Felid Monk)                   Turns: 3661, Time: 00:04:56

Health: 0/25       AC:  1    Str:  9    XL:     5   Next: 47%
Magic:  6/6        EV: 20    Int: 12    God:
Gold:   225        SH:  0    Dex: 18    Spells: 3/4 levels left
                                        Lives:  0   Deaths: 1

rFire   . . .      SeeInvis +     - Unarmed
rCold   . . .      Faith    .   (shield unavailable)
rNeg    . . .      Spirit   .   (body armour unavailable)
rPois   .          Reflect  .   (helmet unavailable)
rElec   .          Harm     .   (cloak unavailable)
rCorr   .          Rampage  .   (gloves unavailable)
Will    .....                   (boots unavailable)
Stlth   +++.......              (no amulet)
HPRegen 0.08/turn               (no ring)
MPRegen 0.10/turn               (no ring)

@: quick
A: very small, claws 1, fangs 3, see invisible, speed 1, shaggy fur 1, stealthy
paws, no weapons or thrown items, no armour, multi-lived
a: no special abilities


You were on level 6 of the Dungeon.
You visited 1 branch of the dungeon, and saw 7 of its levels.

You collected 225 gold pieces.

Inventory:

Wands
 i - a wand of roots (11)
Scrolls
 b - 2 scrolls of teleportation
 d - 2 scrolls of acquirement {unknown}
 e - 2 scrolls of magic mapping {unknown}
 h - a scroll of enchant weapon {unknown}
 k - 2 scrolls of fog {unknown}
 l - a scroll of silence {unknown}
 m - a scroll of torment {unknown}
 n - a scroll of amnesia {unknown}
 p - a scroll of noise {unknown}
 q - a scroll of enchant armour {unknown}
 r - 2 scrolls of brand weapon {unknown}
 s - a scroll of identify {unknown}
Potions
 a - 2 potions of ambrosia
 c - 6 potions of curing {unknown}
 f - 3 potions of brilliance {unknown}
 g - a potion of might {unknown}
 j - a potion of resistance {unknown}
 o - a potion of degeneration {unknown}
 t - a potion of lignification {unknown}
 u - a potion of attraction {unknown}


   Skills:
 + Level 4.2 Fighting
 + Level 5.6 Dodging
 + Level 5.0 Stealth
 + Level 4.1 Unarmed Combat
 + Level 1.4 Transmutations


You had 3 spell levels left.
You knew the following spells:

 Your Spells              Type           Power      Damage    Failure   Level
a - Beastly Appendage     Tmut           6%         N/A       19%         1

Your spell library contained the following spells:

 Spells                   Type           Power      Damage    Failure   Level
 Wereblood                Tmut           3%         N/A       28%         2
 Spider Form              Tmut/Pois      1%         N/A       58%         3


Dungeon Overview and Level Annotations

Branches:
Dungeon (7/15)
 Temple: D:4-7

Altars:
Dithmenos
Kikubaaqudgha
Makhleb

Shops:
D:4 :


Innate Abilities, Weirdness & Mutations

You have sharp claws.
You have razor-sharp teeth.
You have supernaturally acute eyesight. (SInv)
You cover ground quickly. (Speed+)
You are covered in fur. (AC +1)
Your paws help you pounce on unaware monsters.
You are incapable of wielding weapons or throwing items.
You cannot wear armour.
You gain extra lives every three experience levels.


Message History

You feel sick. The adder attacks as you move away! The adder misses you.
You feel sick. The adder attacks as you move away! The adder misses you.
You feel sick.
You claw the adder! Your bite misses the adder.
The adder is severely wounded.
You feel sick. The adder misses you.
You claw the adder!
You kill the adder!
You feel sick.
You are no longer poisoned.
Welcome back to level 5!
You scratch the scorpion.
The scorpion is moderately wounded.
The scorpion closely misses you.
You scratch the scorpion.
The scorpion is heavily wounded.
The scorpion stings you.
You closely miss the scorpion. Your bite misses the scorpion.
The scorpion is heavily wounded.
The scorpion barely misses you.
You scratch the scorpion.
The scorpion is almost dead.
The scorpion closely misses you.
You scratch the scorpion.
You kill the scorpion!
Your Stealth skill increases to level 5!
Found a stone staircase leading down.
An orc wizard comes into view. It is wielding a +0 dagger.
An orc comes into view. It is wielding a +0 falchion.
You barely miss the orc wizard.
The orc wizard hits you with a +0 dagger.
You scratch the orc wizard but do no damage.
Your bite misses the orc wizard. The orc wizard misses you.
You scratch the orc wizard but do no damage.
The orc wizard barely misses you.
You scratch the orc wizard but do no damage.
The orc wizard points at you and mumbles some strange words.
The magic dart hits you!
You die...

#........ #.......
#...... ######...o.
.......... .........
.......o# .......@#
######## ........#
#.....).
........#########.......
......>.................
..##.##.#########.......
. #.. ##. ..............
#.. #.###########...
#... .# #### ... #


You could see an orc wizard and an orc (asleep).

Vanquished Creatures
  2 scorpions
  Jessica (D:3)
  An iguana (D:4)
  5 adders
  2 worms
  4 dart slugs
  An orc (D:3)
  9 ball pythons
  5 bats
  8 endoplasms
  2 giant cockroaches
  6 goblins
  7 hobgoblins
  3 jackals (D:2)
  6 kobolds
  4 quokkas
  2 frilled lizards
  5 rats
73 creatures vanquished.

Notes
Turn   | Place    | Note
-------+----------+-------------------------------------------
     0 | D:1      | Descartes the Felid Monk began the quest for the Orb.
     0 | D:1      | Reached XP level 1. HP: 10/10 MP: 2/2
   198 | D:1      | Found a faded altar of an unknown god.
   206 | D:1      | Reached XP level 2. HP: 11/14 MP: 3/3
  1023 | D:2      | Reached XP level 3. HP: 16/17 MP: 4/4
  1697 | D:2      | Reached XP level 4. HP: 21/21 MP: 5/5
  2091 | D:3      | Found a shadowy altar of Dithmenos.
  2167 | D:3      | Noticed Jessica
  2539 | D:3      | Found a burning altar of Makhleb.
  2621 | D:3      | Found an ancient bone altar of Kikubaaqudgha.
  2640 | D:3      | Killed Jessica
  2641 | D:3      | Reached skill level 5 in Dodging
  2999 | D:3      | Reached XP level 5. HP: 22/25 MP: 6/6
  3083 | D:3      | Learned a level 1 spell: Beastly Appendage
  3372 | D:4      | Slain by an iguana
  3373 | D:4      | Reached XP level 4. HP: -3/22 MP: 5/5
  3384 | D:4      | Reached skill level 1 in Transmutations
  3392 | D:4      | Identified the +4 dagger of the Equator {vorpal, MP+9
                  | Stlth+}
  3494 | D:4      | Found Qifogo's Book Shoppe.
  3520 | D:4      | You fall into a shaft and drop 3 floors!
  3602 | D:5      | Entered Level 5 of the Dungeon
  3615 | D:6      | Noticed a scorpion
  3616 | D:6      | Noticed an acid dragon
  3641 | D:6      | Reached XP level 5. HP: 12/25 MP: 6/6
  3646 | D:6      | Reached skill level 5 in Stealth
  3661 | D:6      | Killed from afar by an orc wizard

Illustrated notes

Levels and vault maps discovered:
D:1:      dpeg_arrival_castle, layout_basic,
          shapermc_ecumenical_altar_starsandcircs, minmay_misc_feat_five
D:2:      layout_loops_ring, st_stairs_3, minivault_14
D:3:      layout_basic, lemuel_round_altar, grunt_dithmenos_smoke_and_mirrors,
          nicolae_overflow_hidden_temple, uniq_jessica
D:4:      layout_loops_cross, mainiacjoe_overflow_24_doors, minivault_4,
          kennysheep_another_room, nrook_mini_vaults, nicolae_take_the_stairs
D:5:      layout_cave_pods, temple_green, cheibrodos_sewer_entry_bend,
          minmay_misc_feat_chi, uniq_grinder, uniq_edmund
D:6:      layout_basic, amcnicky_altar_gilded, lemuel_round_altar, serial_shops,
          nicolae_shop_trees
D:7:      layout_cave_pods, fedhas_bush_and_centaur_altar

Skill      XL: |  1  2  3  4  5 |
---------------+----------------+-----
Stealth        | 3 4 5 |  5.0
Dodging        | 5 |  5.6
Fighting       | 4 |  4.2
Unarmed Combat | 4 |  4.1
Transmutations | 1 |  1.4

Action                   |  1- 3 |  4- 6 || total
-------------------------+-------+-------++-------
Melee: Unarmed           |   114 |    85 ||   199
       Bite              |     5 |     7 ||    12
       Punch             |     4 |     2 ||     6
  Use: Scroll            |       |     1 ||     1
 Stab: Sleeping          |     8 |    11 ||    19
Armor: Skin              |     6 |     1 ||     7
Dodge: Dodged            |    84 |    59 ||   143
